 Dungeon Crawl Stone Soup version 0.19.5 (webtiles) character file.

331 Kahvikuppo the Skirmisher (level 6, -6/49 HPs)
             Began as a Demonspawn Berserker on Apr 16, 2017.
             Was a Believer of Trog.
             Killed from afar by GLDimion's ghost (13 damage)
             ... with a puff of flame
             ... on level 4 of the Dungeon.
             The game lasted 00:41:47 (4227 turns).

Kahvikuppo the Skirmisher (Demonspawn Berserker)    Turns: 4227, Time: 00:41:47

Health: -6/49      AC: 14    Str: 18    XL:     6   Next: 26%
Magic:  6/6        EV:  8    Int:  8    God:    Trog [**....]
Gold:   138        SH:  0    Dex: 14    Spells: 0 memorised, 5 levels left

rFire  . . .     SeeInvis .     a - +0 falchion
rCold  . . .     Gourm    .     g - +0 chain mail
rNeg   . . .     Faith    .     (no shield)
rPois  .         Spirit   .     y - +0 helmet
rElec  .         Reflect  .     (no cloak)
rCorr  .         Harm     .     (no gloves)
MR     .....                    (no boots)
Stlth  ..........               (no amulet)
                                (no ring)
                                (no ring)

@: no status effects
A: iridescent scales 2
a: Berserk, Trog's Hand, Burn Spellbooks, Renounce Religion


You were on level 4 of the Dungeon.
You worshipped Trog.
Trog was pleased with you.
You were not hungry.

You visited 1 branch of the dungeon, and saw 5 of its levels.

You collected 138 gold pieces.

Inventory:

Hand Weapons
 a - a +0 falchion (weapon)
 e - a +0 whip
 j - a cursed +0 club
 k - a +0 short sword
Missiles
 i - 51 poisoned needles
Armour
 b - a +0 animal skin
 g - a +0 chain mail (worn)
 m - a +2 leather armour of cold resistance {Fuge}
 q - a +0 ring mail
 y - a +0 helmet (worn)
Wands
 f - a wand of confusion (6/48)
Scrolls
 c - a scroll of recharging {unknown}
 d - 5 scrolls of remove curse {unknown}
 h - a scroll of enchant weapon {unknown}
 l - 3 scrolls of identify {unknown}
 n - a scroll of teleportation {unknown}
 o - a scroll of random uselessness {unknown}
 p - a scroll of fog {unknown}
 x - a scroll of magic mapping {unknown}
Potions
 r - a potion of brilliance {unknown}
 t - 2 potions of degeneration {unknown}
 u - a potion of magic {unknown}
 v - 2 potions of beneficial mutation {unknown}
 w - a potion of ambrosia {unknown}
Comestibles
 s - 2 bread rations
 z - a meat ration


   Skills:
 * Level 4.4 Fighting
 - Level 0.3(2.3) Short Blades
 * Level 3.8 Long Blades
 - Level 0.5 Maces & Flails
 - Level 1.8 Throwing
 + Level 2.8 Armour
 + Level 2.7 Dodging
 - Level 0.1 Unarmed Combat
 - Level 0.3 Spellcasting


You had 5 spell levels left.
You didn't know any spells.

Dungeon Overview and Level Annotations

Branches:
Dungeon (5/15)
 Temple: D:4-7

Altars:
Ashenzari

Annotations:
D:4 GLDimion's ghost, novice DEFE


Innate Abilities, Weirdness & Mutations

You are mostly covered in iridescent scales. (AC +4)


Message History

* * * LOW HITPOINT WARNING * * *
You closely miss GLDimion's ghost.
GLDimion's ghost is severely damaged.
GLDimion's ghost hits you but does no damage. x2
You hit GLDimion's ghost.
GLDimion's ghost is severely damaged.
GLDimion's ghost hits you but does no damage.
You hit GLDimion's ghost.
GLDimion's ghost is severely damaged.
GLDimion's ghost hits you but does no damage.
You hit GLDimion's ghost.
GLDimion's ghost is almost destroyed.
GLDimion's ghost closely misses you.
You riposte.
You barely miss GLDimion's ghost.
GLDimion's ghost is almost destroyed.
You completely miss GLDimion's ghost.
GLDimion's ghost is almost destroyed.
GLDimion's ghost gestures at you while chanting.
The puff of flame hits you!
You die...

############ ####..........#
..............# #######
........).....###### ##.....#
...................# #.......
..............####'#####
#...####
.###...................###..##
.###........................#
................@W.....###..#
##.....................# ##.##
#...........#.........# #..#
#............##.......#
#.#....
#............##.......#
#.#####
###[..........+.<.....#
#.W.... #...........#.......#
##.####
####...........#########
#..... ..†............# ######


You could see GLDimion's ghost.

Vanquished Creatures
  A phantom (D:4)
  A bullfrog skeleton (D:4)
  Ijyb (D:2)
  An orc wizard (D:3)
  4 gnolls (D:4)
  5 adders
  An ooze (D:1)
  3 dart slugs
  2 leopard geckos (D:1)
  3 orcs (D:3)
  2 giant cockroaches (D:2)
  6 goblins
  8 hobgoblins
  6 jackals
  10 kobolds
  4 quokkas
  6 bats
  4 frilled lizards
  4 rats
72 creatures vanquished.

Notes
Turn   | Place    | Note
-------+----------+-------------------------------------------
     0 | D:1      | Kahvikuppo the Demonspawn Berserker began the quest for the Orb.
     0 | D:1      | Reached XP level 1. HP: 18/18 MP: 1/1
   474 | D:1      | Found a shattered altar of Ashenzari.
   490 | D:1      | Gained mutation: You are partially covered in iridescent scales. (AC +2) [demonic ancestry]
   490 | D:1      | Reached XP level 2. HP: 19/24 MP: 2/2
  1335 | D:2      | Found a faded altar of an unknown god.
  1340 | D:2      | Reached XP level 3. HP: 25/29 MP: 3/3
  1359 | D:2      | Reached ** piety under Trog
  1855 | D:2      | Reached skill level 1 in Throwing
  1872 | D:2      | Noticed Ijyb
  1927 | D:2      | Killed Ijyb
  1927 | D:2      | Reached XP level 4. HP: 22/35 MP: 4/4
  3137 | D:3      | Gained mutation: You are mostly covered in iridescent scales. (AC +4) [demonic ancestry]
  3137 | D:3      | Reached XP level 5. HP: 41/42 MP: 5/5
  3460 | D:4      | Reached skill level 4 in Fighting
  3486 | D:5      | Entered Level 5 of the Dungeon
  4119 | D:4      | Noticed a phantom
  4149 | D:4      | Killed a phantom
  4149 | D:4      | Reached XP level 6. HP: 37/49 MP: 6/6
  4175 | D:4      | Noticed GLDimion's ghost (novice DEFE)
  4227 | D:4      | Killed from afar by GLDimion's ghost

Skill      XL: |  1  2  3  4  5 |
---------------+----------------+-----
Armour         | 2 |  2.8
Long Blades    | 3 |  3.8
Throwing       | 1 |  1.8
Dodging        | 2 |  2.7
Fighting       | 4 |  4.4
Short Blades   | |  0.3
Maces & Flails | |  0.5
Unarmed Combat | |  0.1
Spellcasting   | |  0.3

Action                   |  1- 3 |  4- 6 || total
-------------------------+-------+-------++-------
Melee: Falchion          |   149 |   210 ||   359
  Use: Potion            |     1 |     1 ||     2
  Eat: Bread ration      |     1 |       ||     1
       Chunk             |       |     2 ||     2
       Royal jelly       |       |     1 ||     1
       Meat ration       |       |     1 ||     1
Armor: Chain mail        |   121 |   131 ||   252
       Animal skin       |     2 |       ||     2
Dodge: Dodged            |    88 |    89 ||   177
       Rpst.: Falchion   |    26 |    27 ||    53
